 Dungeon Crawl Stone Soup version 0.20-a0-344-g34bdcb4 (webtiles) character file.

7272 AlphabetPasta the Merchant of Misery (level 10, -3/73 HPs)
             Began as a Mummy Necromancer on Dec 22, 2016.
             Was a Believer of Kikubaaqudgha.
             Slain by Urug
             ... wielding a +0 double sword of flaming
              (24 damage)
             ... on level 10 of the Dungeon on Dec 23, 2016.
             The game lasted 00:59:37 (10046 turns).

AlphabetPasta the Merchant of Misery (MuNe)        Turns: 10046, Time: 00:59:43

Health: -3/73      AC:  9    Str: 11    XL:     10   Next: 89%
Magic:  14/22      EV: 15    Int: 18    God:    Kikubaaqudgha [**....]
Gold:   519        SH:  0    Dex: 13    Spells: 9/26 levels left

rFire  x . .     SeeInvis .     a - +3 quarterstaff (chaos)
rCold  + . .     Gourm    .     o - +1 robe {MR+}
rNeg   + + +     Faith    .     (shield currently unavailable)
rPois  ∞         Spirit   .     n - +0 helmet
rElec  .         Reflect  .     i - +1 cloak
rCorr  .         Harm     .     k - +0 pair of gloves
MR     +++..                    l - +1 pair of boots
Stlth  +.........               (no amulet)
                                (no ring)
                                w - ring of Qabria {MR+ Stlth-}

@: no status effects
A: no food or potions, fire vulnerability, cold resistance 1, negative energy
resistance 3, torment resistance, unbreathing
a: Receive Corpses, Renounce Religion


You were on level 10 of the Dungeon.
You worshipped Kikubaaqudgha.
Kikubaaqudgha was pleased with you.
You were not hungry.

You visited 2 branches of the dungeon, and saw 11 of its levels.

You collected 519 gold pieces.

Inventory:

Hand Weapons
 a - a +3 quarterstaff of chaos (weapon)
 r - a cursed +1 quarterstaff
Missiles
 c - 5 silver javelins (quivered)
Armour
 h - a +0 robe
 i - a +1 cloak (worn)
 k - a +0 pair of gloves (worn)
 l - a +1 pair of boots (worn)
 n - a +0 helmet (worn)
 o - a +1 robe of magic resistance (worn)
 p - a +0 large shield
Magical Staves
 t - an uncursed staff of energy
Jewellery
 w - the ring of Qabria (left hand) {MR+ Stlth-}
   (You found it on level 9 of the Dungeon)

   [ring of loudness]

   It affects your resistance to hostile enchantments.
   It makes you less stealthy.
Wands
 f - a wand of iceblast (9/15)
 q - a wand of flame (8/48)
 u - a wand of slowing (34/48)
 x - a wand of flame (25/48)
 y - a wand of iceblast (8/15)
Scrolls
 d - 5 scrolls of amnesia
 e - 10 scrolls of teleportation
 g - 11 scrolls of remove curse
 j - 5 scrolls of identify
 m - a scroll of enchant armour
 s - a scroll of blinking
Books
 b - a book of Necromancy

   Spells                             Type                      Level
   a - Pain                           Necromancy                   1
   b - Animate Skeleton               Necromancy                   1
   c - Vampiric Draining              Necromancy                   3
   d - Regeneration                   Charms/Necromancy            3
   e - Animate Dead                   Necromancy                   4
   f - Control Undead                 Necromancy                   4


   Skills:
 + Level 4.6 Fighting
 - Level 4.0 Staves
 + Level 5.9 Dodging
 - Level 1.5 Stealth
 + Level 8.9 Spellcasting
 + Level 2.2 Hexes
 * Level 11.0 Necromancy
 + Level 3.7 Evocations


You had 9 spell levels left.
You knew the following spells:

 Your Spells              Type           Power        Failure   Level  Hunger
a - Pain                  Necr           ####         1%          1    N/A
b - Animate Skeleton      Necr           N/A          1%          1    N/A
c - Vampiric Draining     Necr           #####.....   1%          3    N/A
d - Animate Dead          Necr           N/A          1%          4    N/A
e - Control Undead        Necr           #####.....   1%          4    N/A
f - Corpse Rot            Necr           N/A          1%          2    N/A
g - Slow                  Hex            ###.....     8%          2    N/A

Dungeon Overview and Level Annotations

Branches:
Dungeon (10/15)            Temple (1/1) D:5            Lair (0/6) D:8
    Orc (0/2) D:10

Altars:
Ashenzari
Cheibriados
Elyvilon
Fedhas
Hepliaklqana
Kikubaaqudgha
Nemelex Xobeh
Okawaru
Qazlal
Ru
Sif Muna
Trog
Vehumet
Xom
The Shining One

Shops:
D:9 }

Portals:
Bailey: D:10

Annotations:
D:7 exclusion: statue
D:9 TroubleDarcy's ghost, novice TrCK
D:10 Urug


Innate Abilities, Weirdness & Mutations

You do not eat or drink.
Your flesh is vulnerable to fire.
You are immune to poison.
Your flesh is cold resistant. (rC+)
You are immune to negative energy. (rN+++)
You are immune to unholy pain and torment.
You can survive without breathing.


Message History

Aiming: Pain
Press: ? - help, Shift-Dir - straight line, f/p - Urug
Aim: Urug, wielding a double sword of flaming and wearing a scale mail (lightly wounded, chance to defeat MR: 71%) Urug writhes in agony!
Urug throws a javelin.
The javelin barely misses you.
No previous command to re-do.
You see here a javelin.
Urug drinks a potion.
Urug goes berserk!
You see here a javelin.
Casting: Pain
Confirm with . or Enter, or press ? or * to list all spells.
Aiming: Vampiric Draining
Press: ? - help, Shift-Dir - straight line, f/p - Urug
Aim: Urug, wielding a double sword of flaming and wearing a scale mail (lightly wounded, berserk, fast, unusually strong) Urug is moderately wounded.
You feel life coursing into your body.
Urug hits you with a double sword of flaming!!
* * * LOW HITPOINT WARNING * * *
Urug burns you!!
You die...
Kikubaaqudgha rasps: "You have failed me!
Welcome... oblivion!"

*,,,,,,,,,* *,,>,,,,,,,,,,,,
*,,,,...,,* #...,,,,**,,,,,,
****,#..######..,..,,**,***,*
*,,*#........#*.#**,.,**,,*
*,*##..(....>#*.#**.#***,,,
*,*#....(....##>##..,,,,,,*
****,*#..).............****,**
*,,,,,..)∩)........#*.** *,,*
*,,,,,...).?o@((#.###.##*#.#*
*,,,,,......###(........*..*
*,,,,,....#,* #.#.#.###...#*
*,,,,,...,*,* #...#.# *#..#
**,,,*#****,**#.....#*#..#*
**,,** *,#...##.##*...,****
****,,,* #....###..##.#*,,,,,
,,,,,,** #...#*#....<.#***,,,
,,,,,,* #.##**#.####.#**,,**


You could see Urug (berserk).

Vanquished Creatures
  2 two-headed ogres
  The ghost of mhoghedin the Tainter, a novice NaVM of Ashenzari (D:6)
  Joseph (D:7)
  A troll (D:8)
  Grinder (D:5)
  A wraith (D:8)
  3 basilisks
  A human (D:8)
  2 porcupines (D:8)
  3 sky beasts
  3 orc warriors
  An ice beast (D:9)
  4 ogres
  2 black bears
  A centaur (D:8)
  A wolf (D:8)
  2 crocodiles (D:8)
  Blork the orc (D:6)
  8 bullfrogs
  2 scorpions
  6 killer bees
  A wyvern skeleton (D:8)
  4 howler monkeys
  5 crimson imps
  A bullfrog zombie (D:5)
  3 hounds
  A jelly (D:8)
  4 orc wizards
  Crazy Yiuf (D:2)
  4 bullfrog skeletons
  4 orc priests
  A centaur skeleton (D:7)
  6 worker ants
  3 iguanas
  A hound zombie (D:5)
  A worker ant zombie (D:8)
  10 adders
  A shadow imp (D:8)
  2 oozes
  An adder skeleton (D:5)
  2 dart slugs (D:1)
  7 leopard geckos
  27 orcs
  3 giant cockroaches
  5 goblins
  5 hobgoblins
  12 jackals
  7 kobolds
  A quokka (D:2)
  9 bats
  8 frilled lizards
  A leopard gecko skeleton (D:4)
  A leopard gecko zombie (D:5)
  A quokka skeleton (D:6)
  7 rats
197 creatures vanquished.

Vanquished Creatures (collateral kills)
  A phantom (D:5)
  A wyvern zombie (D:7)
  A bullfrog (D:9)
  2 killer bees (D:7)
  A crimson imp (D:8)
  An orc wizard (D:7)
  A hell rat (D:7)
  2 worker ants
  A hound skeleton (D:4)
11 creatures vanquished.

Vanquished Creatures (others)
  A fungus (D:8)
  2 plants (D:8)
3 creatures vanquished.

Grand Total: 211 creatures vanquished

Notes
Turn   | Place    | Note
-------+----------+-------------------------------------------
     0 | D:1      | AlphabetPasta the Mummy Necromancer began the quest for the Orb.
     0 | D:1      | Reached XP level 1. HP: 13/13 MP: 4/4
    60 | D:1      | Learned a level 1 spell: Animate Skeleton
   241 | D:1      | Reached XP level 2. HP: 18/19 MP: 2/5
  1007 | D:1      | Reached XP level 3. HP: 24/24 MP: 4/7
  1272 | D:2      | Learned a level 3 spell: Vampiric Draining
  1790 | D:2      | Found a runed door.
  1794 | D:2      | Noticed Crazy Yiuf
  1808 | D:2      | Killed Crazy Yiuf
  1808 | D:2      | Reached XP level 4. HP: 10/30 MP: 1/9
  2267 | D:2      | Found an iron altar of Okawaru.
  2687 | D:3      | Learned a level 4 spell: Animate Dead
  2815 | D:3      | Found a faded altar of an unknown god.
  2857 | D:3      | Found a hazy altar of Hepliaklqana.
  3033 | D:3      | Reached skill level 5 in Necromancy
  3120 | D:4      | Learned a level 4 spell: Animate Dead
  3444 | D:4      | Reached skill level 1 in Staves
  3444 | D:4      | Reached XP level 5. HP: 30/35 MP: 3/10
  3680 | D:4      | Noticed an ogre
  3687 | D:4      | Killed an ogre
  3687 | D:4      | Reached XP level 6. HP: 30/41 MP: 3/12
  3934 | D:5      | Entered Level 5 of the Dungeon
  3975 | D:5      | Found a shattered altar of Ashenzari.
  3998 | D:5      | Noticed a sky beast
  4006 | D:5      | Killed a sky beast
  4006 | D:5      | Reached skill level 6 in Necromancy
  4096 | D:5      | Reached XP level 7. HP: 47/47 MP: 14/14
  4134 | D:5      | Learned a level 4 spell: Control Undead
  4184 | D:5      | Reached skill level 1 in Fighting
  4184 | D:5      | Reached skill level 5 in Spellcasting
  4372 | D:5      | Noticed Grinder
  4387 | D:5      | Killed Grinder
  4387 | D:5      | Reached skill level 7 in Necromancy
  4393 | D:5      | Found a staircase to the Ecumenical Temple.
  4410 | D:5      | Reached XP level 8. HP: 47/56 MP: 11/16
  4421 | Temple   | Entered the Ecumenical Temple
  4428 | Temple   | Became a worshipper of Kikubaaqudgha
  4946 | D:6      | Found a sacrificial altar of Ru.
  4985 | D:6      | Found a sparkling altar of Nemelex Xobeh.
  5067 | D:6      | Found a sacrificial altar of Ru.
  5099 | D:6      | Noticed mhoghedin's ghost (novice NaVM)
  5118 | D:6      | Killed mhoghedin's ghost
  5118 | D:6      | Reached skill level 8 in Necromancy
  5135 | D:6      | Reached * piety under Kikubaaqudgha
  5135 | D:6      | Identified Kikubaaqudgha's Almanac of Evil Magic (Kikubaaqudgha gifted it to you on level 6 of the Dungeon)
  5135 | D:6      | Received a gift from Kikubaaqudgha
  5142 | D:6      | Learned a level 2 spell: Corpse Rot
  5233 | D:6      | Reached XP level 9. HP: 60/65 MP: 19/19
  5346 | D:6      | Noticed Blork the orc
  5661 | D:6      | Killed Blork the orc
  5811 | D:7      | Found a glowing golden altar of the Shining One.
  6051 | D:7      | Reached skill level 9 in Necromancy
  6181 | D:7      | Found a white marble altar of Elyvilon.
  6182 | D:7      | Found a stormy altar of Qazlal.
  6218 | D:7      | Found a radiant altar of Vehumet.
  6242 | D:7      | Noticed Joseph
  6259 | D:7      | Killed Joseph
  6259 | D:7      | Reached skill level 1 in Evocations
  6375 | D:7      | Found a blossoming altar of Fedhas.
  6404 | D:7      | Found a bloodstained altar of Trog.
  6467 | D:7      | Reached skill level 5 in Dodging
  6810 | D:8      | Noticed a troll
  6820 | D:8      | Killed a troll
  6956 | D:8      | Reached XP level 10. HP: 37/71 MP: 4/22
  7011 | D:8      | Reached skill level 10 in Necromancy
  7144 | D:8      | Found a staircase to the Lair.
  7711 | D:8      | Reached ** piety under Kikubaaqudgha
  7907 | D:8      | Learned a level 2 spell: Slow
  7973 | D:9      | Noticed a two-headed ogre
  8199 | D:8      | Noticed a two-headed ogre
  8205 | D:8      | Killed a two-headed ogre
  8205 | D:8      | Reached skill level 1 in Hexes
  8304 | D:9      | Killed a two-headed ogre
  8530 | D:9      | Noticed TroubleDarcy's ghost (novice TrCK)
  9086 | D:9      | Found Tycoish's Gadget Shoppe.
  9221 | D:9      | Got a wavering golden ring
  9241 | D:8      | Identified the ring of Qabria {MR+ Stlth-} (You found it on level 9 of the Dungeon)
  9560 | D:9      | Found a deep blue altar of Sif Muna.
 10023 | D:10     | Entered Level 10 of the Dungeon
 10032 | D:10     | Reached skill level 11 in Necromancy
 10033 | D:10     | Found a flagged portal.
 10034 | D:10     | Noticed Urug
 10046 | D:10     | Slain by Urug

Vault maps used:
D:1:      lightli_arrival_isolated_outpost, minmay_misc_feat_enclosed,
          minmay_pentomino_s2
D:2:      nicolae_overflow_hidden_temple, uniq_crazy_yiuf_cottage
D:3:      marbit_many_paths, chequers_ecumenical_altar_simple
D:5:      nicolae_overflow_crystal_walls, first_bread, uniq_grinder
D:6:      old_standard_altar, old_standard_altar,
          nicolae_ru_sacrificial_ziggurat, uniq_blork_the_orc
D:7:      lemuel_crystal_altar, lemuel_doored_altar, vehumet_statue, minitemple,
          basic_altar, uniq_joseph
D:8:      minmay_lair_entry_grove, grunt_pizzeria
D:9:      kennysheep_mini, serial_shops, shop
D:10:     minmay_orc_entry_guard_dogs, enter_bailey_2, stair_cage_cross,
          minivault_11, uniq_urug
Temple:   eino_wide_crystal_templ

Skill      XL: |  1  2  3  4  5  6  7  8  9 10 |
---------------+-------------------------------+-----
Spellcasting   | 3 4 5 6 8 |  8.9
Dodging        | 2 3 4 5 |  5.9
Necromancy     | 5 6 7 8 9 11 | 11.0
Staves         | 1 2 3 4 |  4.0
Fighting       | 2 3 4 |  4.6
Evocations     | 2 3 |  3.7
Hexes          | 2 |  2.2
Stealth        | |  1.5

Action                   |  1- 3 |  4- 6 |  7- 9 | 10-12 || total
-------------------------+-------+-------+-------+-------++-------
Melee: Unarmed           |    38 |       |       |       ||    38
       Quarterstaff      |       |    27 |   196 |   166 ||   389
 Cast: Pain              |    76 |    85 |   105 |    64 ||   330
       Animate Skeleton  |    21 |    13 |    16 |     7 ||    57
       Animate Dead      |       |     1 |    10 |     7 ||    18
       Vampiric Draining |       |       |    15 |    21 ||    36
       Corpse Rot        |       |       |     1 |     2 ||     3
       Slow              |       |       |       |     1 ||     1
Evoke: Wand              |       |       |       |     1 ||     1
  Use: Scroll            |     6 |     5 |     2 |     4 ||    17
 Stab: Sleeping          |     1 |     1 |     3 |       ||     5
       Paralysed         |       |       |     9 |     1 ||    10
       Distracted        |       |       |     1 |       ||     1
Armor: Robe              |    16 |    14 |    55 |    54 ||   139
Dodge: Dodged            |    40 |    29 |   148 |   144 ||   361
